[Event "Titled Tuesday Blitz November 22 Early 2022"]
[White "Csonka, Balazs"]
[Black "Oparin, Grigoriy"]
[WhiteFideId "742910"]
[BlackFideId "24125890"]
[WhiteElo "2404"]
[BlackElo "2639"]
[Result "0-1"]
[Round "07"]
[TimeControl "180+1"]
[Date "2022.11.22"]
[WhiteClock "0:00:05"]
[BlackClock "0:00:18"]

1. d4 d5 2. c4 e6 3. Nc3 Nf6 4. Nf3 Be7 5. g3 O-O 6. Bg2 dxc4 7. Ne5 Nc6 8. Bxc6 bxc6 9. Nxc6 Qe8 10. Nxe7+ Qxe7 11. Qa4 a5 12. Qxc4 Nd5 13. Qc5 Qd7 14. Nxd5 exd5 15. Be3 Ba6 16. Rc1 Rfe8 17. Kd2 a4 18. Rc2 Bc4 19. Rhc1 Rab8 20. Rxc4 dxc4 21. Rc2 Qe6 22. Qxc7 Rec8 23. Qa5 h6 24. Qc3 Qd5 25. f3 Qf5 26. Ke1 Qh3 27. Bf2 Qxh2 28. e4 h5 29. d5 Re8 30. Qxc4 f5 31. d6+ Kh7 32. d7 Red8 33. Qe6 fxe4 34. Qxe4+ Kh8 35. Qe6 Qh1+ 36. Ke2 Qb1 37. Rd2 Kh7 38. Bd4 Qg6 39. Qxg6+ Kxg6 40. Bc3 Rb7 41. Rd6+ Kf7 42. Rd4 a3 43. bxa3 Rdxd7 44. Rf4+ Kg6 45. Re4 Rbc7 46. Re3 Rc4 47. Rd3 Rdc7 48. Kd2 Kf7 49. Kc2 g5 50. Kb3 Rxc3+ 51. Rxc3 Rxc3+ 52. Kxc3 h4 53. a4 h3 0-1


[Site "https://www.chess.com"]

[Event "Titled Tuesday Blitz November 22 Early 2022"]
[White "D`Arruda, Ricardo D."]
[Black "Stankovic, Ivan G"]
[WhiteFideId "100692"]
[BlackFideId "902837"]
[WhiteElo "2516"]
[BlackElo "2226"]
[Result "1-0"]
[Round "07"]
[TimeControl "180+1"]
[Date "2022.11.23"]
[WhiteClock "0:00:46"]
[BlackClock "0:00:52"]

1. d4 d5 2. Nf3 Nf6 3. c4 c6 4. Nc3 a6 5. e3 Bf5 6. Bd3 Bxd3 7. Qxd3 e6 8. O-O Bb4 9. Bd2 a5 10. a3 Bxc3 11. bxc3 Ne4 12. cxd5 cxd5 13. c4 dxc4 14. Qxc4 O-O 15. Rab1 b6 16. Rfc1 Nd7 17. Be1 Rc8 18. Qd3 Nd6 19. a4 Rxc1 20. Rxc1 Qb8 21. Rc6 Rc8 22. Qc2 Qb7 23. Rxc8+ Qxc8 24. Qxc8+ Nxc8 25. Kf1 Kf8 26. Ke2 Ke7 27. Kd3 f6 28. e4 Kd6 29. Nd2 Kc6 30. Nc4 Nd6 31. Nxd6 Kxd6 32. f3 e5 33. Bg3 Kc6 34. d5+ Kb7 35. Bf2 Ka6 36. Kc4 g6 37. g3 Nb8 38. f4 Nd7 39. h4 f5 40. exf5 gxf5 41. d6 e4 42. Kd5 b5 43. Kc6 bxa4 44. Kxd7 a3 45. Kc6 a2 46. Bd4 e3 47. d7 e2 48. d8=Q 1-0


[Site "https://www.chess.com"]

[Event "Titled Tuesday Blitz November 22 Early 2022"]
[White "Deac, Bogdan-Daniel"]
[Black "Duda, Jan-Krzysztof"]
[WhiteFideId "1226380"]
[BlackFideId "1170546"]
[WhiteElo "2648"]
[BlackElo "2779"]
[Result "0-1"]
[Round "07"]
[TimeControl "180+1"]
[Date "2022.11.22"]
[WhiteClock "0:00:03"]
[BlackClock "0:01:05"]

1. e4 e5 2. Nf3 Nc6 3. Bb5 Nf6 4. O-O Nxe4 5. Re1 Nd6 6. Nxe5 Be7 7. Bf1 Nxe5 8. Rxe5 O-O 9. Nc3 Ne8 10. Nd5 Bd6 11. Re1 c6 12. Ne3 Be7 13. c4 Nc7 14. d4 d5 15. cxd5 Nxd5 16. Nxd5 cxd5 17. Bf4 Bf6 18. Be5 Bxe5 19. Rxe5 Be6 20. Qb3 Qb6 21. Qxb6 axb6 22. Re3 Rfc8 23. Rb3 Rc6 24. a3 Kf8 25. Re1 Ke7 26. Bb5 Rc7 27. Bd3 Rc6 28. f4 Kd6 29. f5 Bc8 30. Rb4 g6 31. g4 gxf5 32. gxf5 Bd7 33. Kf2 Rg8 34. f6 Kc7 35. Bxh7 Rxf6+ 36. Ke3 Re8+ 37. Kd2 Rf2+ 0-1


[Site "https://www.chess.com"]

[Event "Titled Tuesday Blitz November 22 Early 2022"]
[White "Decuigniere, Tom"]
[Black "Vakhlamov, Igor L."]
[WhiteFideId "26093820"]
[BlackFideId "24126748"]
[WhiteElo "2252"]
[BlackElo "2401"]
[Result "1/2-1/2"]
[Round "07"]
[TimeControl "180+1"]
[Date "2022.11.23"]
[WhiteClock "0:00:17"]
[BlackClock "0:00:13"]

1. c4 Nf6 2. Nc3 c5 3. g3 d5 4. cxd5 Nxd5 5. Bg2 Nc7 6. d3 e5 7. Be3 Be7 8. Rc1 Nd7 9. Nf3 O-O 10. O-O Rb8 11. a4 b6 12. Nd2 Bb7 13. Bxb7 Rxb7 14. Nc4 Re8 15. Nb5 Nxb5 16. axb5 f6 17. Qa4 Nf8 18. Qb3 Kh8 19. f4 exf4 20. Bxf4 Ne6 21. Na5 bxa5 22. Qxe6 Rxb5 23. Rc2 Bf8 24. Qc4 Rb4 25. Qc3 Qd5 26. e4 Qb7 27. e5 Rb3 28. Qc4 Rxb2 29. exf6 Rxc2 30. Qxc2 gxf6 31. Bc1 Bd6 32. Bb2 Be5 33. Bxe5 Rxe5 34. Rxf6 Qe7 35. Rf1 Qd6 36. Qb2 Qd4+ 37. Qxd4 cxd4 38. Rf7 a6 39. Ra7 Re6 40. Rd7 Rc6 41. Rxd4 Kg7 42. Rd5 a4 43. Ra5 Rd6 44. Rxa4 Rxd3 45. Rxa6 Rd7 46. Kg2 Rf7 47. h4 Rb7 48. Kh3 h6 49. h5 Rc7 50. Rg6+ Kh7 51. Kh4 Rc4+ 52. Rg4 Rc7 53. Rf4 Ra7 54. g4 Rb7 55. Re4 Rc7 56. Rb4 Ra7 57. g5 hxg5+ 58. Kxg5 Rg7+ 59. Kh4 Ra7 60. Rg4 Kh6 61. Rg6+ Kh7 62. Rg4 Kh6 63. Rg6+ Kh7 64. Rg4 1/2-1/2


[Site "https://www.chess.com"]

[Event "Titled Tuesday Blitz November 22 Early 2022"]
[White "Derjabin, Ilja"]
[Black "Ljukin, Sergei"]
[WhiteFideId "14104768"]
[BlackFideId "14102200"]
[WhiteElo "2312"]
[BlackElo "2312"]
[Result "1-0"]
[Round "07"]
[TimeControl "180+1"]
[Date "2022.11.23"]
[WhiteClock "0:00:06"]
[BlackClock "0:00:01"]

1. d4 d5 2. c4 c6 3. Nf3 Nf6 4. Nc3 dxc4 5. a4 Bf5 6. e3 e6 7. Bxc4 Bb4 8. O-O O-O 9. Nh4 Nbd7 10. Nxf5 exf5 11. Qf3 g6 12. Rd1 Qe7 13. a5 Ne4 14. Nxe4 fxe4 15. Qh3 Nf6 16. Bd2 Bd6 17. Rdc1 h5 18. Qh4 Kg7 19. f4 Qd7 20. d5 Nxd5 21. Bxd5 cxd5 22. Rd1 Be7 23. Bc3+ Kh7 24. Qg3 Qf5 25. a6 b6 26. Rd2 h4 27. Qh3 Qxh3 28. gxh3 Bc5 29. Kf2 Rad8 30. Rad1 f5 31. Rxd5 Rxd5 32. Rxd5 g5 33. b4 Be7 34. Rd7 Rf7 35. fxg5 f4 36. exf4 Bc5+ 37. bxc5 Rxd7 38. cxb6 axb6 39. f5 Ra7 40. g6+ Kh6 41. Bd2+ Kg7 42. Bc3+ Kh6 43. g7 Kh7 44. Ke3 Rxa6 45. Kxe4 Kg8 46. Bd4 b5 47. Kf4 b4 48. f6 1-0


[Site "https://www.chess.com"]

[Event "Titled Tuesday Blitz November 22 Early 2022"]
[White "Donchenko, Alexander"]
[Black "Pajeken, Jakob Leon"]
[WhiteFideId "24603295"]
[BlackFideId "12942839"]
[WhiteElo "2572"]
[BlackElo "2429"]
[Result "1-0"]
[Round "07"]
[TimeControl "180+1"]
[Date "2022.11.23"]
[WhiteClock "0:00:20"]
[BlackClock "0:00:08"]

1. e4 e5 2. Nf3 Nc6 3. Bc4 Bc5 4. d3 Nf6 5. O-O O-O 6. Re1 a6 7. a4 d6 8. c3 Ba7 9. h3 h6 10. Nbd2 Nh5 11. Nf1 Qf6 12. Be3 Bxe3 13. Nxe3 Nf4 14. Kh2 Be6 15. Bxe6 fxe6 16. Rf1 g5 17. Ng1 Rae8 18. b4 Ne7 19. b5 a5 20. b6 cxb6 21. Rb1 Nc8 22. Nc4 Qd8 23. g3 Ng6 24. Qb3 Qc7 25. Kg2 Rf7 26. Ne2 Ref8 27. Nxb6 Qc5 28. Qxe6 Kg7 29. d4 Qc6 30. Qd5 Qc7 31. Nxc8 Rxc8 32. Rb5 b6 33. Qb3 Rcf8 34. Rxb6 Qe7 35. Qd5 Qf6 36. Qxd6 Qf3+ 37. Kg1 Rf6 38. Qc7+ R6f7 39. Qd6 Rf6 40. Qd7+ R8f7 41. Rxf6 Kxf6 42. Qg4 Qd3 43. dxe5+ Kxe5 44. Nd4 Rf6 45. Rd1 Qxc3 46. Nc6+ Rxc6 47. Qf5# 1-0


[Site "https://www.chess.com"]

[Event "Titled Tuesday Blitz November 22 Early 2022"]
[White "Durarbayli, Vasif"]
[Black "Le, Tuan Minh"]
[WhiteFideId "13402935"]
[BlackFideId "12401153"]
[WhiteElo "2586"]
[BlackElo "2530"]
[Result "1-0"]
[Round "07"]
[TimeControl "180+1"]
[Date "2022.11.22"]
[WhiteClock "0:00:11"]
[BlackClock "0:00:03"]

1. e4 c5 2. Nf3 Nf6 3. e5 Nd5 4. Nc3 e6 5. Ne4 f5 6. Nc3 Nb4 7. Bc4 a6 8. O-O b5 9. Be2 N4c6 10. d4 cxd4 11. Nxd4 Nxd4 12. Qxd4 Nc6 13. Qe3 Be7 14. Bh5+ g6 15. Bf3 Bb7 16. Rd1 Qc7 17. b3 Nb4 18. Bxb7 Qxb7 19. Qe2 Rc8 20. Bb2 O-O 21. Rd2 Rc7 22. a3 Nc6 23. Rad1 Rf7 24. Na2 Bc5 25. Nc1 f4 26. Qe4 f3 27. g3 Qc8 28. Nd3 Bb6 29. Nf4 Ne7 30. Nxe6 Rc6 31. Ng5 Rf5 32. h4 h6 33. Nxf3 Qf8 34. Kg2 Qf7 35. Rxd7 Rxc2 36. Qxc2 Rxf3 37. Rd8+ Kh7 38. Rh8+ Kxh8 39. e6+ Qf6 40. Bxf6+ Rxf6 41. f4 Nf5 42. Qc8+ Kh7 43. Rd7+ 1-0


[Site "https://www.chess.com"]

[Event "Titled Tuesday Blitz November 22 Early 2022"]
[White "Erdogdu, Mert"]
[Black "Principe, Gerson"]
[WhiteFideId "6301495"]
[BlackFideId "3804550"]
[WhiteElo "2413"]
[BlackElo "2280"]
[Result "1/2-1/2"]
[Round "07"]
[TimeControl "180+1"]
[Date "2022.11.23"]
[WhiteClock "0:00:06"]
[BlackClock "0:00:06"]

1. e4 c6 2. c4 d5 3. exd5 cxd5 4. d4 Nf6 5. Nc3 e6 6. Nf3 Bb4 7. cxd5 Nxd5 8. Bd2 Nc6 9. Bd3 Be7 10. O-O O-O 11. a3 b6 12. Nxd5 Qxd5 13. Qc2 Nxd4 14. Bxh7+ Kh8 15. Nxd4 Qxd4 16. Bc3 Qh4 17. Be4 Ba6 18. Rfe1 Bd6 19. g3 Qh5 20. Bxa8 Rxa8 21. Qe4 Rb8 22. Rad1 Bb7 23. Qh4 Qxh4 24. gxh4 Bd5 25. Rxd5 exd5 26. Rd1 Be7 27. Rxd5 Rd8 28. Rf5 Kg8 29. h5 Rd7 30. Kf1 Rc7 31. a4 Rc5 32. Rxc5 Bxc5 33. f3 Kh7 34. Ke2 Kh6 35. Kd3 f6 36. Kc4 Kxh5 37. b4 Bg1 38. Kb5 Bxh2 39. Ka6 Bg1 40. b5 Kg5 41. Bd2+ Kh4 42. Kxa7 Kg3 43. f4 Kg4 44. Kb7 g5 45. fxg5 fxg5 46. Ka6 Kh4 47. Bxg5+ Kxg5 48. a5 bxa5 49. Kxa5 Kf6 50. b6 Bxb6+ 1/2-1/2


[Site "https://www.chess.com"]

[Event "Titled Tuesday Blitz November 22 Early 2022"]
[White "Ezat, Mohamed"]
[Black "Begunov, Konstantin"]
[WhiteFideId "10600906"]
[BlackFideId "4118510"]
[WhiteElo "2386"]
[BlackElo "2140"]
[Result "1-0"]
[Round "07"]
[TimeControl "180+1"]
[Date "2022.11.23"]
[WhiteClock "0:00:04"]
[BlackClock "0:00:03"]

1. d4 d5 2. c4 c6 3. Nc3 Nf6 4. cxd5 cxd5 5. Bf4 Nc6 6. e3 a6 7. Bd3 Bg4 8. Nge2 e6 9. O-O Bd6 10. f3 Bh5 11. Rc1 O-O 12. Na4 Rc8 13. Nc5 Bxc5 14. Rxc5 Qb6 15. Qd2 Nd7 16. Rcc1 Nb4 17. Bb1 Bg6 18. Bxg6 hxg6 19. a3 Nc6 20. b4 e5 21. Bg3 exd4 22. exd4 Nde5 23. Rc5 Nc4 24. Qc1 Rfe8 25. Re1 Qd8 26. Nf4 Rxe1+ 27. Qxe1 Nxa3 28. Nxd5 Nb5 29. Bf2 Kh7 30. Qe4 f5 31. Qe6 b6 32. Rxc6 Rxc6 33. Qxc6 Qg5 34. h4 Qd2 35. Qd7 Qd1+ 36. Kh2 Qe2 37. Nf6+ Kh6 38. Ng8+ Kh7 39. Nf6+ Kh6 40. Bg3 gxf6 41. Bf4+ g5 42. hxg5+ fxg5 43. Qc6+ Kh5 44. Be5 Qe3 45. Qe8+ Kh6 46. Qc6+ Kh5 47. Qe8+ Kh6 48. Qg8 Nxd4 49. Qg7+ Kh5 50. Qh7# 1-0


[Site "https://www.chess.com"]

[Event "Titled Tuesday Blitz November 22 Early 2022"]
[White "Fathy, Elameir"]
[Black "Ai, Evan"]
[WhiteFideId "10600396"]
[BlackFideId "2094770"]
[WhiteElo "2311"]
[BlackElo "1963"]
[Result "1-0"]
[Round "07"]
[TimeControl "180+1"]
[Date "2022.11.23"]
[WhiteClock "0:02:12"]
[BlackClock "0:00:57"]

1. d4 Nf6 2. c4 e6 3. Nf3 b6 4. g3 Bb7 5. Bg2 Be7 6. O-O O-O 7. Nc3 Ne4 8. Bd2 Nxc3 9. Bxc3 f5 10. d5 exd5 11. cxd5 Bf6 12. Nd4 g6 13. Rc1 Qe7 14. Re1 Qg7 15. Qb3 d6 16. Ne6 Qf7 17. Bxf6 Qxf6 18. Nxf8 Kxf8 19. Rxc7 Ba6 20. e4 f4 21. e5 dxe5 22. d6 f3 23. Bxf3 Qxf3 24. Qxf3+ 1-0


[Site "https://www.chess.com"]

[Event "Titled Tuesday Blitz November 22 Early 2022"]
[White "Fernandez Hernandez, Gerardo"]
[Black "Zainullina, Nataliya"]
[WhiteFideId "2207400"]
[BlackFideId "4145488"]
[WhiteElo "2239"]
[BlackElo "2108"]
[Result "0-1"]
[Round "07"]
[TimeControl "180+1"]
[Date "2022.11.23"]
[WhiteClock "0:00:12"]
[BlackClock "0:00:51"]

1. e4 c6 2. d4 d5 3. exd5 cxd5 4. c4 Nf6 5. Nc3 g6 6. Qb3 Bg7 7. cxd5 O-O 8. Be2 Na6 9. Bf3 Qd6 10. Nge2 Nb4 11. Nb5 Qb6 12. Qxb4 a6 13. Nec3 axb5 14. Qxb5 Qxd4 15. Be3 Qe5 16. O-O Bd7 17. Qb4 h5 18. Rfe1 Ng4 19. Bf4 Qf5 20. h3 Nf6 21. Bg3 e6 22. dxe6 Bxe6 23. Qe4 Nxe4 24. Bxe4 Qc5 25. Rac1 Qb4 26. b3 Bxc3 27. Re3 Bd2 0-1


[Site "https://www.chess.com"]

[Event "Titled Tuesday Blitz November 22 Early 2022"]
[White "Fiol, Fabrice"]
[Black "Vaishali, Rameshbabu"]
[WhiteFideId "611670"]
[BlackFideId "5091756"]
[WhiteElo "2456"]
[BlackElo "2351"]
[Result "0-1"]
[Round "07"]
[TimeControl "180+1"]
[Date "2022.11.23"]
[WhiteClock "0:00:32"]
[BlackClock "0:01:10"]

1. e4 c5 2. Nf3 d6 3. Bb5+ Bd7 4. Bxd7+ Qxd7 5. O-O Nc6 6. c3 Nf6 7. Re1 g6 8. d4 cxd4 9. cxd4 Bg7 10. Nc3 O-O 11. h3 d5 12. e5 Ne4 13. Nxe4 dxe4 14. Rxe4 Rfd8 15. e6 fxe6 16. Qb3 Qd5 17. Rxe6 Bf6 18. Qxd5 Rxd5 19. Re4 Nxd4 20. Nxd4 Rxd4 21. Rxd4 Bxd4 22. Rb1 Rc8 23. Be3 Bxe3 24. fxe3 Rc2 25. a3 Kf7 26. Rf1+ Ke6 27. Rf2 Rxf2 28. Kxf2 Kd5 29. Kf3 Kc4 30. Ke4 b5 31. Ke5 Kb3 32. Ke6 Kxb2 33. Kxe7 Kxa3 34. Kd6 b4 35. e4 b3 36. e5 b2 37. e6 b1=Q 38. e7 Qb5 0-1


[Site "https://www.chess.com"]

[Event "Titled Tuesday Blitz November 22 Early 2022"]
[White "Firouzja, Alireza"]
[Black "Baskakov, Egor"]
[WhiteFideId "12573981"]
[BlackFideId "24197866"]
[WhiteElo "2903"]
[BlackElo "2211"]
[Result "1-0"]
[Round "07"]
[TimeControl "180+1"]
[Date "2022.11.22"]
[WhiteClock "0:02:11"]
[BlackClock "0:02:02"]

1. d4 Nf6 2. Bg5 e6 3. e4 Be7 4. Bd3 d5 5. e5 Nfd7 6. Bxe7 Qxe7 7. c3 c5 8. Nf3 Nc6 9. O-O O-O 10. Re1 f6 11. exf6 Qxf6 12. Bb5 e5 13. Bxc6 bxc6 14. dxe5 Qe6 15. Nbd2 Ba6 16. b4 Rab8 17. a3 Bd3 18. Nb3 c4 19. Nbd4 Qg6 20. e6 Nf6 21. Nxc6 Rbe8 22. e7 Rf7 23. Nce5 1-0


[Site "https://www.chess.com"]

[Event "Titled Tuesday Blitz November 22 Early 2022"]
[White "Gabdrakhmanov, Azat"]
[Black "Jimenez Almeida, Luis David"]
[WhiteFideId "34189197"]
[BlackFideId "22242244"]
[WhiteElo "2254"]
[BlackElo "2158"]
[Result "1-0"]
[Round "07"]
[TimeControl "180+1"]
[Date "2022.11.23"]
[WhiteClock "0:00:58"]
[BlackClock "0:01:07"]

1. e4 c6 2. d3 g6 3. Nd2 Bg7 4. Ngf3 d5 5. g3 e5 6. Bg2 Ne7 7. O-O O-O 8. Re1 Qd6 9. c3 c5 10. exd5 Nxd5 11. Nc4 Qc7 12. Nfxe5 Be6 13. Nf3 h6 14. Ne3 Nf6 15. Nc4 Nd5 16. Nh4 Qd7 17. Ne5 Qc8 18. d4 g5 19. Nhf3 b6 20. dxc5 Qxc5 21. Nd4 Bxe5 22. Rxe5 Nxc3 23. Rxc5 Nxd1 24. Rc2 Nd7 25. Bxa8 Rxa8 26. Nxe6 fxe6 27. Rd2 1-0


[Site "https://www.chess.com"]

[Event "Titled Tuesday Blitz November 22 Early 2022"]
[White "Gabrielian, Artur"]
[Black "Bluebaum, Matthias"]
[WhiteFideId "4131002"]
[BlackFideId "24651516"]
[WhiteElo "2432"]
[BlackElo "2633"]
[Result "0-1"]
[Round "07"]
[TimeControl "180+1"]
[Date "2022.11.22"]
[WhiteClock "0:02:27"]
[BlackClock "0:02:06"]

1. e4 e6 2. d4 d5 3. Nc3 Nf6 4. Bg5 dxe4 5. Nxe4 Be7 6. Nxf6+ Bxf6 7. Bxf6 Qxf6 8. Nf3 O-O 9. Qd3 Rd8 10. Qe4 Nc6 11. Bd3 Nxd4 12. Qxh7+ Kf8 13. Nxd4 Rxd4 14. O-O-O Rh4 0-1


[Site "https://www.chess.com"]

[Event "Titled Tuesday Blitz November 22 Early 2022"]
[White "Garcia Ramos, Daniel"]
[Black "Reprintsev, Alexander"]
[WhiteFideId "32010311"]
[BlackFideId "14100541"]
[WhiteElo "2357"]
[BlackElo "2230"]
[Result "1-0"]
[Round "07"]
[TimeControl "180+1"]
[Date "2022.11.23"]
[WhiteClock "0:00:07"]
[BlackClock "0:00:08"]

1. e4 d5 2. exd5 Qxd5 3. Nc3 Qa5 4. d4 Nf6 5. Nf3 Nc6 6. Bb5 Ne4 7. Bd2 Nxc3 8. Bxc6+ bxc6 9. Bxc3 Qd5 10. O-O Bg4 11. Re1 Bxf3 12. Qxf3 Qxf3 13. gxf3 e6 14. Re4 Bd6 15. Rae1 Kd7 16. b3 Rhb8 17. R1e3 Ba3 18. Rh4 h6 19. Re5 Rb5 20. Rf4 f6 21. Re2 f5 22. Rh4 Be7 23. Rh3 f4 24. Re4 Rf8 25. Bd2 Rbf5 26. Kf1 h5 27. Ke2 g6 28. Kd3 c5 29. dxc5 Bxc5 30. Rh4 e5 31. Bc3 Be7 32. Rh3 Bf6 33. Re1 Rg5 34. Ke4 Ke6 35. Rd1 Rg2 36. Rd2 Rf7 37. Bb2 c6 38. c4 Rc7 39. c5 Kf7 40. Rd6 Rxf2 41. Rxf6+ Kxf6 42. Bxe5+ Ke6 43. Bxc7 Rxa2 44. Bxf4 Rb2 45. Rg3 Rxb3 46. Rxg6+ Kf7 47. Rxc6 Rb4+ 48. Kf5 a5 49. Rc7+ Ke8 50. Ra7 Kd8 51. Bd6 Rb3 52. f4 Rb5 53. Ke6 Kc8 54. Rc7+ Kb8 55. Rc6+ Kb7 56. Rb6+ Rxb6 57. cxb6 Kxb6 58. f5 1-0


[Site "https://www.chess.com"]

[Event "Titled Tuesday Blitz November 22 Early 2022"]
[White "Gardezi, Arsal"]
[Black "Valle Maytin, Luis Enrique"]
[WhiteFideId "30949521"]
[BlackFideId "3503666"]
[WhiteElo "1906"]
[BlackElo "2225"]
[Result "0-1"]
[Round "07"]
[TimeControl "180+1"]
[Date "2022.11.23"]
[WhiteClock "0:02:03"]
[BlackClock "0:01:03"]

1. b3 d5 2. Bb2 Nf6 3. Nf3 g6 4. d3 Bg7 5. Nbd2 O-O 6. e4 c5 7. Be2 Nc6 8. O-O Re8 9. exd5 Nxd5 10. Bxg7 Kxg7 11. Ne4 b6 12. d4 Bf5 13. Ng3 Nc3 14. Nxf5+ gxf5 15. Qd2 Nxe2+ 16. Qxe2 Nxd4 17. Qe5+ f6 18. Qg3+ Kh8 19. Nxd4 Qxd4 20. Rad1 Qe4 21. Rfe1 Qxc2 22. Rd7 Rad8 23. Qc7 Rxd7 24. Qxd7 Rg8 25. Qxe7 Qc3 26. g3 f4 27. Qf7 fxg3 28. hxg3 Qxe1+ 29. Kg2 Qe4+ 30. Kg1 Qe5 0-1


[Site "https://www.chess.com"]

[Event "Titled Tuesday Blitz November 22 Early 2022"]
[White "Gedgafov, Chamal"]
[Black "Tuleyeva-Aketayeva, Dana"]
[WhiteFideId "34130621"]
[BlackFideId "13701932"]
[WhiteElo "2067"]
[BlackElo "2030"]
[Result "1-0"]
[Round "07"]
[TimeControl "180+1"]
[Date "2022.11.23"]
[WhiteClock "0:01:46"]
[BlackClock "0:00:01"]

1. d4 d6 2. Nf3 Nf6 3. Bf4 g6 4. e3 Bg7 5. h3 O-O 6. Be2 b6 7. O-O Bb7 8. c3 c5 9. a4 Nbd7 10. Nh2 e5 11. dxe5 dxe5 12. Bg3 Ne4 13. Bf3 Nxg3 14. fxg3 e4 15. Be2 Qg5 16. Rf4 Rad8 17. Qe1 Ne5 18. h4 Qe7 19. Rf1 Nd3 20. Qd2 c4 21. Qc2 Qe5 22. Rf4 Qc5 23. Nf1 Nxf4 24. gxf4 Bh6 25. g3 Rd6 26. Na3 Ba6 27. Nb5 Bxb5 28. axb5 Qxb5 29. Rxa7 Qb3 30. Qxb3 cxb3 31. Bc4 Rd1 32. Rb7 Rb1 33. Bxb3 Kh8 34. Rxb6 Rxb2 35. Rb7 Bg7 36. Bd5 Rxb7 37. Bxb7 Bxc3 38. Bxe4 f5 39. Bc6 Rc8 40. Bd5 Rd8 41. Bc6 Rd1 42. Kf2 Rc1 43. Ke2 Bf6 44. Bd5 Rc2+ 45. Kf3 Bc3 46. e4 Be1 47. exf5 Rf2+ 48. Ke3 Rxf1 49. Ke2 Rg1 50. f6 Bb4 51. Kf3 Rd1 52. Be6 Rd6 53. f5 gxf5 54. Bxf5 Rxf6 55. Kg4 Kg7 56. h5 Bd6 57. Be4 h6 58. Bg6 Rf8 59. Kh4 Rb8 60. g4 Be7+ 61. Kh3 Bg5 62. Kg3 Rb2 63. Kf3 Kf6 64. Bf5 Rd2 65. Ke4 Re2+ 66. Kf3 Re3+ 67. Kf2 Ke5 68. Kg2 Kd4 69. Kf2 Kc3 70. Bc8 Kd2 71. Bf5 Bh4+ 72. Kg2 Ra3 73. g5 Bxg5 74. Bg6 Ke3 75. Kg3 Bf4+ 76. Kg4 Ra1 77. Kf5 Bg5 78. Be8 Rf1+ 79. Kg6 Rf6+ 80. Kh7 Rf8 81. Bg6 1-0


[Site "https://www.chess.com"]

[Event "Titled Tuesday Blitz November 22 Early 2022"]
[White "Gjestemoen-VonHirsch, Andre"]
[Black "Aradhya, Garg"]
[WhiteFideId "1539531"]
[BlackFideId "25006746"]
[WhiteElo "2198"]
[BlackElo "2223"]
[Result "0-1"]
[Round "07"]
[TimeControl "180+1"]
[Date "2022.11.23"]
[WhiteClock "0:00:01"]
[BlackClock "0:00:27"]

1. b3 e5 2. Bb2 Nc6 3. e3 d5 4. Bb5 Ne7 5. Nf3 a6 6. Bxc6+ Nxc6 7. Nxe5 Nxe5 8. Bxe5 Qg5 9. Bg3 h5 10. h4 Qf6 11. Nc3 Be6 12. Qf3 Qd8 13. O-O Be7 14. Qf4 Bd6 15. Qf3 Be7 16. Qf4 Rc8 17. Rae1 g5 18. hxg5 Bxg5 19. Qa4+ c6 20. e4 d4 21. Nd5 O-O 22. f4 Bh4 23. Bxh4 Qxh4 24. Qxd4 cxd5 25. exd5 Bf5 26. Re5 Qg4 27. c4 Kh7 28. Rf2 h4 29. Qe3 Rg8 30. d4 Rg7 31. Kf1 Rcg8 32. Qf3 Qxf3 33. gxf3 Kg6 34. Rg2+ Kf6 35. Rg5 Rxg5 36. fxg5+ Rxg5 37. f4 Rg4 38. Ke2 Rxf4 39. Ke3 Rg4 40. d6 h3 41. d5 h2 0-1


[Site "https://www.chess.com"]

[Event "Titled Tuesday Blitz November 22 Early 2022"]
[White "Goltseva, Ekaterina"]
[Black "Fernandez Siles, Luis"]
[WhiteFideId "24173770"]
[BlackFideId "2209420"]
[WhiteElo "2200"]
[BlackElo "2186"]
[Result "1-0"]
[Round "07"]
[TimeControl "180+1"]
[Date "2022.11.23"]
[WhiteClock "0:00:08"]
[BlackClock "0:00:05"]

1. d4 Nf6 2. Nf3 g6 3. c4 Bg7 4. Nc3 O-O 5. e4 d6 6. Be2 c5 7. d5 e6 8. O-O Na6 9. Bg5 h6 10. Bf4 e5 11. Bd2 Nc7 12. Qc1 Kh7 13. Ne1 Nd7 14. Nd3 f5 15. f4 a6 16. Kh1 b5 17. cxb5 Nxb5 18. fxe5 Nxc3 19. Bxc3 fxe4 20. Nf2 Nxe5 21. Nxe4 Bf5 22. Ng3 Qh4 23. Nxf5 Rxf5 24. Rxf5 gxf5 25. Qc2 Rf8 26. Rf1 Qe4 27. Qxe4 fxe4 28. Rxf8 Bxf8 29. Bxa6 e3 30. Kg1 Bg7 31. Kf1 Ng4 32. h3 Nf6 33. Bd3+ Kg8 34. Bc4 Ne4 35. Bxg7 Kxg7 36. Ke2 1-0


[Site "https://www.chess.com"]

[Event "Titled Tuesday Blitz November 22 Early 2022"]
[White "Gonzalez Vega, Alejandro"]
[Black "Sadubayev, Airat"]
[WhiteFideId "3510042"]
[BlackFideId "13713264"]
[WhiteElo "2275"]
[BlackElo "2160"]
[Result "1/2-1/2"]
[Round "07"]
[TimeControl "180+1"]
[Date "2022.11.23"]
[WhiteClock "0:00:56"]
[BlackClock "0:00:51"]

1. e4 c6 2. d4 d5 3. exd5 cxd5 4. Bd3 Nc6 5. c3 Nf6 6. Bf4 g6 7. h3 Bg7 8. Nf3 O-O 9. O-O Bf5 10. Re1 Bxd3 11. Qxd3 Ne4 12. Nbd2 f5 13. Rad1 Bf6 14. Ne5 e6 15. f3 Nxd2 16. Rxd2 Re8 17. Nxc6 bxc6 18. Rde2 Qd7 19. Qa6 Bh4 20. Rd1 Bf6 21. b4 Bg7 22. Rde1 Bf6 23. a4 Bh4 24. Rd1 Bf6 25. a5 Bg7 26. Qd3 Bf6 27. Rde1 Bh4 28. Rd1 Bf6 29. Rde1 Bh4 30. Rd1 Bf6 1/2-1/2


[Site "https://www.chess.com"]

[Event "Titled Tuesday Blitz November 22 Early 2022"]
[White "Goryachkina, Aleksandra"]
[Black "Indjic, Aleksandar"]
[WhiteFideId "4147103"]
[BlackFideId "911925"]
[WhiteElo "2484"]
[BlackElo "2592"]
[Result "0-1"]
[Round "07"]
[TimeControl "180+1"]
[Date "2022.11.22"]
[WhiteClock "0:00:02"]
[BlackClock "0:01:15"]

1. e4 e5 2. Nc3 Nf6 3. d4 exd4 4. Qxd4 Nc6 5. Qd3 d5 6. Bg5 d4 7. Bxf6 gxf6 8. Nd5 Be6 9. Qb5 a6 10. Nxf6+ Qxf6 11. Qxb7 Bb4+ 12. c3 dxc3 13. Qxc6+ Kf8 14. bxc3 Qxc3+ 0-1


[Site "https://www.chess.com"]

[Event "Titled Tuesday Blitz November 22 Early 2022"]
[White "Grabinsky, Vladimir"]
[Black "Pinheiro, Iung Alicio de O."]
[WhiteFideId "14107074"]
[BlackFideId "2104350"]
[WhiteElo "2198"]
[BlackElo "2283"]
[Result "1-0"]
[Round "07"]
[TimeControl "180+1"]
[Date "2022.11.23"]
[WhiteClock "0:00:11"]
[BlackClock "0:00:17"]

1. e4 c6 2. d4 d5 3. e5 Bf5 4. Nf3 e6 5. Be2 h6 6. O-O Nd7 7. Nbd2 Ne7 8. Nb3 g5 9. a4 a6 10. a5 Ng6 11. Bd2 Rg8 12. Ne1 Nf4 13. Bxf4 gxf4 14. Bd3 Qg5 15. Qf3 Bg4 16. h4 Qxh4 17. Qxf4 Qh5 18. f3 Bf5 19. Bxf5 exf5 20. Nd3 Be7 21. Qh2 Qg6 22. Nf4 Qg5 23. e6 fxe6 24. Rfe1 Nf8 25. Nxe6 Nxe6 26. Rxe6 Kf7 27. Rae1 Rae8 28. R1e2 Bf6 29. Qc7+ Re7 30. Rxe7+ Bxe7 31. Qxb7 Qf6 32. Qxa6 Rg3 33. Qc8 c5 34. a6 c4 35. a7 cxb3 36. a8=Q Qxd4+ 37. Kf1 Qd1+ 38. Re1 bxc2 39. Qxd5+ Kf6 40. Qcxf5+ Kg7 41. Qdf7+ Kh8 42. Q5h7# 1-0


[Site "https://www.chess.com"]

[Event "Titled Tuesday Blitz November 22 Early 2022"]
[White "Gurevich, Dmitry"]
[Black "Krzywda, Andrzej"]
[WhiteFideId "2000407"]
[BlackFideId "1114565"]
[WhiteElo "2506"]
[BlackElo "2149"]
[Result "1-0"]
[Round "07"]
[TimeControl "180+1"]
[Date "2022.11.23"]
[WhiteClock "0:00:19"]
[BlackClock "0:00:02"]

1. d4 Nf6 2. c4 c5 3. Nf3 cxd4 4. Nxd4 e6 5. g3 Bb4+ 6. Bd2 Qb6 7. Bg2 Nc6 8. e3 Ne5 9. Qc2 h5 10. h3 d5 11. cxd5 Nxd5 12. O-O Bd7 13. Nc3 Nxc3 14. bxc3 Bc5 15. Rab1 Qa5 16. Rxb7 Ba4 17. Nb3 O-O 18. Qe4 Bxb3 19. axb3 Bd6 20. b4 Qa2 21. Rd1 Rfd8 22. Be1 Qe2 23. Ra1 Nd3 24. Bf1 Qxe1 25. Rxe1 Nxe1 26. Be2 Bf8 27. Qb1 1-0


[Site "https://www.chess.com"]